 Dungeon Crawl Stone Soup version 0.32-a0-834-geaf45d8e21 (webtiles) character file.

Game seed: 12775779837223922562

30 jasper the Chopper (level 3, 2/29 HPs)
             Began as a Mountain Dwarf Gladiator on Mar 25, 2024.
             Quit the game on level 1 of the Dungeon.
             The game lasted 00:01:05 (583 turns).

jasper the Chopper (Mountain Dwarf Gladiator)        Turns: 583, Time: 00:01:06

Health: 2/29       AC:  7    Str: 18    XL:     3   Next: 5%
Magic:  3/3        EV:  9    Int:  8    God:
Gold:   16         SH:  0    Dex: 11    Spells: 2/2 levels left

rFire   . . .        a - +0 war axe
rCold   . . .        (no shield)
rNeg    . . .        f - +0 scale mail
rPois   .            c - +0 helmet
rElec   .            (no cloak)
rCorr   .            (no gloves)
SInv    .            (no boots)
Will    .....        (no amulet) Stlth
                     (no ring)
HPRegen 0.24/turn    (no ring)
MPRegen 0.08/turn

%: no passive effects
@: lethally poisoned (2 -> -1)
A: runic magic, artefact enchanting
a: no special abilities


You were on level 1 of the Dungeon.
You visited 1 branch of the dungeon, and saw 1 of its levels.

You collected 16 gold pieces.

Inventory:

Hand Weapons
 a - a +0 war axe (weapon)
Missiles
 d - 3 throwing nets
 e - a javelin
 h - 7 stones (quivered)
Armour
 b - a +0 leather armour
 c - a +0 helmet (worn)
 f - a +0 scale mail (worn)
Scrolls
 g - a scroll of teleportation {unknown}


   Skills:
 - Level 2.1 Fighting
 + Level 5.1 Axes
 - Level 1.5 Throwing
 - Level 2.1 Dodging


You had 2 spell levels left.
You didn't know any spells.
Your spell library was empty.

Dungeon Overview and Level Annotations

Branches:
Dungeon (1/15)

Altars:


Innate Abilities, Weirdness & Mutations

Your spellcasting is much less encumbered by armour.
You can use scrolls of enchantment on lesser artefacts.


Message History

You are more poisoned.
You take 2 damage, and have 24/29 hp.
You completely miss the kobold.
You feel very sick. The kobold completely misses you.
You take 3 damage, and have 21/29 hp.
You barely miss the kobold.
You feel sick. The kobold hits you but does no damage.
You are more poisoned.
You take 1 damage, and have 20/29 hp.
You closely miss the kobold.
You feel very sick. The kobold hits you but does no damage.
You are lethally poisoned!
You take 4 damage, and have 16/29 hp.
You slash the kobold!
You kill the kobold!
You feel very sick.
You take 5 damage, and have 11/29 hp.
You feel very sick.
Things that are here:
a +0 dagger of venom; 5 stones; a kobold corpse You take 2 damage, and have 9/29 hp.
There is a lethal amount of poison in your body!
You aren't carrying any potions.
* * * LOW HITPOINT WARNING * * *
You feel sick.
You take 2 damage, and have 7/29 hp.
* * * LOW HITPOINT WARNING * * *
You feel sick.
You take 2 damage, and have 5/29 hp.
* * * LOW HITPOINT WARNING * * *
You feel sick.
You take 2 damage, and have 3/29 hp.
* * * LOW HITPOINT WARNING * * *
You feel sick.
You take 1 damage, and have 2/29 hp.
* * * LOW HITPOINT WARNING * * *
You feel sick.
Are you sure you want to abandon this character and quit the game? (Confirm with "yes".)

#.# #.#.....# #.
#.# #.##.#..# #.
######.#
#.##.#..# #.
#......#
#.##.#..# #.
#.######
#.......# #.
#####.#
#......## #.
......#
.....#.#)#######
## #######
#.##.##.#..#....
#
#@###.#.#..####
##.##.#.......#
##.#(#.##.##.#
##...## ... .
###.### ##.#
#..)..# #
#.....# #.....#
#.....#


There were no monsters in sight!

Vanquished Creatures
  2 ball pythons (D:1)
  3 endoplasms (D:1)
  4 goblins (D:1)
  3 jackals (D:1)
  6 kobolds (D:1)
  A quokka (D:1)
  3 bats (D:1)
  3 frilled lizards (D:1)
  3 rats (D:1)
28 creatures vanquished.

Notes
Turn   | Place    | Note
-------+----------+-------------------------------------------
     0 | D:1      | jasper the Mountain Dwarf Gladiator began the quest for the
                  | Orb.
     0 | D:1      | Reached XP level 1. HP: 17/17 MP: 1/1
   152 | D:1      | Reached skill level 4 in Axes
   300 | D:1      | Reached XP level 2. HP: 24/24 MP: 2/2
   476 | D:1      | Reached skill level 5 in Axes
   531 | D:1      | Reached XP level 3. HP: 25/29 MP: 3/3
   583 | D:1      | Quit the game

Illustrated notes

Levels and vault maps discovered:
D:1:      dpeg_arrival_short_road, layout_loops_cross

Skill      XL: |  1  2 |
---------------+-------+-----
Axes           | 4 5 |  5.1
Fighting       | |  2.1
Throwing       | |  1.5
Dodging        | |  2.1

Action                     || total
---------------------------++-------
  Melee: War axe           ||    87
 Armour: Scale mail        ||    89
  Dodge: Dodged            ||    52

Table legend: (Time is in decaauts)
 A = Elapsed time spent in this place.
 B = Non-inter-level travel time spent in this place.
 C = Inter-level travel time spent in this place.
 D = Time resting spent in this place.
 E = Time spent auto-exploring this place.
 F = Levels seen in this place.
 G = Mean time per level.
                   A        B        C        D        E       F      G
               +--------+--------+--------+--------+--------+-----+--------+
         Total |    612 |    612 |      0 |      0 |    384 |   1 |  612.0 |
       Dungeon |    612 |    612 |      0 |      0 |    384 |   1 |  612.0 |
               +--------+--------+--------+--------+--------+-----+--------+

Top non-repeatable levels by time:
     D:1: 612 daAuts
